 Dungeon Crawl Stone Soup version 0.31-a0-848-gaac375c287 (webtiles) character file.

Game seed: 17503052655132374554

61 croobank the Sneak (level 4, -2/31 HPs)
             Began as an Octopode Delver on Oct 4, 2023.
             Slain by an orc
             ... wielding a +0 short sword
              (5 damage)
             ... on level 3 of the Dungeon.
             The game lasted 00:01:13 (303 turns).

croobank the Sneak (Octopode Delver)                 Turns: 303, Time: 00:01:14

Health: -2/31      AC:  1    Str: 11    XL:     4   Next: 7%
Magic:  4/4        EV: 13    Int: 14    God:
Gold:   12         SH:  0    Dex: 13    Spells: 3/3 levels left

rFire   . . .        a - +0 short sword
rCold   . . .        (no shield)
rNeg    . . .        (helmet restricted)
rPois   .            (no amulet)
rElec   .            (no ring)
rCorr   .            (no ring)
SInv    .            (no ring)
Will    .....        (no ring)
Stlth   ++++         (no ring)
HPRegen 0.25/turn    (no ring)
MPRegen 0.09/turn    (no ring)
                     (no ring)

%: no passive effects
@: hasted, very quick
A: almost no armour, amphibious, 8 rings, camouflage 1, gelatinous body 1,
(nimble swimmer 1), tentacles
a: no special abilities


You were on level 3 of the Dungeon.
You visited 1 branch of the dungeon, and saw 4 of its levels.

You collected 12 gold pieces.

Inventory:

Hand Weapons
 a - a +0 short sword (weapon)
Jewellery
 h - a ring of wizardry
Wands
 d - a wand of mindburst (4)
 f - a wand of digging (3)
Scrolls
 b - a scroll of fog
 c - a scroll of revelation
 g - a scroll of blinking {unknown}


   Skills:
 + Level 3.5 Fighting
 + Level 2.6 Short Blades
 + Level 2.7 Dodging
 + Level 7.1 Stealth


You had 3 spell levels left.
You didn't know any spells.
Your spell library was empty.

Dungeon Overview and Level Annotations

Branches:
Dungeon (6/15)
 Temple: D:4-7

Altars:

Annotations:
D:3 Grinder


Innate Abilities, Weirdness & Mutations

You cannot wear most types of armour.
You are amphibious.
You can wear up to eight rings at the same time.
Your skin changes colour to match your surroundings (Stealth+).
Your rubbery body absorbs attacks. (AC +1, EV +1)
((You are camouflaged when in or above water. (Stealth+)))
You have tentacles for arms and can constrict up to eight enemies at once.


Message History

The orc barely misses you. The orc closely misses you.
The orc throws a boomerang.
The boomerang completely misses you.
You hit the orc. You squeeze the orc.
You kill the orc!
The orc hits you with a +0 short sword.
The orc throws a boomerang.
The boomerang hits you.
You have reached level 4!
You barely miss the orc. You grab the orc.
You squeeze the orc, but do no damage. You constrict the orc. You hit the orc.
The orc is heavily wounded.
You constrict the orc, but do no damage.
The orc hits you with a +0 short sword.
The orc escapes!
You hit the orc. You grab the orc. You squeeze the orc.
You kill the orc!
The orc hits you with a +0 short sword.
You barely miss the orc. You grab the orc. You constrict the orc.
The orc closely misses you. The orc hits you with a +0 club.
You are too injured to fight recklessly!
You are too injured to fight recklessly!
You are too injured to fight recklessly!
You are too injured to fight recklessly!
You hit the orc.
The orc is severely wounded.
You constrict the orc. The orc misses you.
The orc hits you with a +0 short sword.
You hit the orc but do no damage. You squeeze the orc.
The orc is almost dead.
You constrict the orc.
You kill the orc!
The orc barely misses you.
You barely miss the orc. You grab the orc.
You constrict the orc, but do no damage.
The orc hits you with a +0 short sword.
* * * LOW HITPOINT WARNING * * *
The orc hits you with a +0 short sword.
* * * LOW HITPOINT WARNING * * *
You feel yourself speed up.
You constrict the orc. The orc misses you.
The orc hits you with a +0 short sword.
You die...

#. #. #. #. #.
###############.####
..............$)o..#
...............)@o.#####
........................
...................#####
...................#
....>.....[........####
......................#
...................##+##
.....)..................#
....................)...#


You could see 2 orcs.

Vanquished Creatures
  A hound (D:5)
  Terence (D:3)
  4 orcs
6 creatures vanquished.

Notes
Turn   | Place    | Note
-------+----------+-------------------------------------------
     0 | D:5      | croobank the Octopode Delver began the quest for the Orb.
     0 | D:5      | Reached XP level 1. HP: 16/16 MP: 1/1
    38 | D:6      | Noticed a sky beast
    80 | D:5      | Noticed a hound
    83 | D:5      | Noticed a gnoll bouda
    87 | D:5      | Killed a hound
    88 | D:5      | Reached XP level 2. HP: 20/21 MP: 2/2
    88 | D:5      | Reached XP level 3. HP: 24/26 MP: 3/3
   179 | D:3      | Noticed Terence
   186 | D:3      | Killed Terence
   187 | D:3      | Reached skill level 7 in Stealth
   281 | D:3      | Noticed Grinder
   296 | D:3      | Reached XP level 4. HP: 23/31 MP: 4/4
   303 | D:3      | Slain by an orc

Illustrated notes

Levels and vault maps discovered:
D:3:      layout_basic, gammafunk_temple_overflow_wave,
          mainiacjoe_overflow_boulevard, uniq_terence, uniq_jessica,
          uniq_grinder
D:4:      layout_loops_ring, minmay_temple_entry_antechambers, uniq_eustachio
D:5:      dreamdust_elfheim, layout_basic, nicolae_qazlal_beasts_of_the_sky,
          mainiacjoe_overflow_alcove_2, minmay_crystal_water,
          minmay_chambers_of_fives, uniq_duvessa
D:6:      layout_cave_pools, minmay_misc_feat_rugged

Skill      XL: |  1  2  3 |
---------------+----------+-----
Stealth        | 7 |  7.1
Fighting       | |  3.5
Short Blades   | |  2.6
Dodging        | |  2.7

Action                     |  1- 3 |  4- 6 || total
---------------------------+-------+-------++-------
  Melee: Short sword       |    14 |     7 ||    21
         Constrict         |     3 |     4 ||     7
         Tentacles         |     2 |     3 ||     5
    Use: Scroll            |     1 |       ||     1
         Potion            |       |     1 ||     1
   Stab: Sleeping          |     2 |       ||     2
 Armour: Skin              |    12 |     7 ||    19
  Dodge: Dodged            |     6 |     4 ||    10

Table legend: (Time is in decaauts)
 A = Elapsed time spent in this place.
 B = Non-inter-level travel time spent in this place.
 C = Inter-level travel time spent in this place.
 D = Time resting spent in this place.
 E = Time spent auto-exploring this place.
 F = Levels seen in this place.
 G = Mean time per level.
                   A        B        C        D        E       F      G
               +--------+--------+--------+--------+--------+-----+--------+
         Total |    300 |    294 |      6 |    160 |     40 |   4 |   75.0 |
       Dungeon |    300 |    294 |      6 |    160 |     40 |   4 |   75.0 |
               +--------+--------+--------+--------+--------+-----+--------+

Top non-repeatable levels by time:
     D:3: 122 daAuts
     D:4: 78 daAuts
     D:5: 50 daAuts
     D:6: 49 daAuts
